 Dungeon Crawl Stone Soup version 0.23-a0-308-gf318fe8 (webtiles) character file.

51 Geeful the Skirmisher (level 3, -1/40 HPs)
             Began as an Ogre Abyssal Knight on Oct 10, 2018.
             Was a Follower of Lugonu.
             Slain by an adder (3 damage)
             ... on level 2 of the Dungeon.
             The game lasted 00:03:37 (1121 turns).

Geeful the Skirmisher (Ogre Abyssal Knight)         Turns: 1121, Time: 00:03:37

Health: -1/40      AC:  4    Str: 16    XL:     3   Next: 81%
Magic:  5/5        EV: 10    Int: 13    God:    Lugonu [*.....]
Gold:   114        SH:  0    Dex:  9    Spells: 2/2 levels left

rFire    . . .     SeeInvis .   a - +1 mace
rCold    . . .     Gourm    .   (no shield)
rNeg     . . .     Faith    .   b - +0 robe
rPois    .         Spirit   .   (helmet restricted)
rElec    .         Reflect  .   j - +0 cloak
rCorr    .         Harm     .   (gloves unavailable)
MR       .....                  (boots unavailable)
Stlth    +.........             (no amulet)
HPRegen  0.13/turn              (no ring)
MPRegen  0.09/turn              (no ring)

@: lethally poisoned (-1 -> -9)
A: large, unfitting armour, tough skin 1
a: Depart the Abyss, Renounce Religion


You were on level 2 of the Dungeon.
You worshipped Lugonu.
Lugonu was aware of your devotion.
You were not hungry.

You visited 1 branch of the dungeon, and saw 2 of its levels.
You visited the Abyss 1 time.

You collected 114 gold pieces.

Inventory:

Hand Weapons
 a - a +1 mace (weapon)
Armour
 b - a +0 robe (worn)
 j - a +0 cloak (worn)
Scrolls
 f - a scroll of immolation {unknown}
 g - a scroll of teleportation {unknown}
 h - 2 scrolls of identify {unknown}
 i - a scroll of random uselessness {unknown}
Potions
 d - a potion of ambrosia {unknown}
 e - 2 potions of heal wounds {unknown}
 k - a potion of curing {unknown}
Comestibles
 c - 5 rations
 l - 3 chunks of flesh


   Skills:
 + Level 4.6 Fighting
 + Level 2.3 Maces & Flails
 + Level 2.6 Dodging
 + Level 2.7 Invocations


You had 2 spell levels left.
You didn't know any spells.
Your spell library was empty.

Dungeon Overview and Level Annotations

Branches:
Dungeon (2/15)

Altars:
Ru


Innate Abilities, Weirdness & Mutations

You are too large for most types of armour.
You have tough skin. (AC +1)


Message History

The adder is severely wounded.
You feel sick. The adder barely misses you. x2
You miss the adder.
The adder is severely wounded.
You feel sick. The adder bites you.
* * * LOW HITPOINT WARNING * * *
You are more poisoned.
The adder poisons you!
You miss the adder.
The adder is severely wounded.
* * * LOW HITPOINT WARNING * * *
You feel sick. The adder bites you but does no damage. The adder bites you.
* * * LOW HITPOINT WARNING * * *
You hit the adder but do no damage.
The adder is severely wounded.
* * * LOW HITPOINT WARNING * * *
You feel sick. The adder bites you.
* * * LOW HITPOINT WARNING * * *
The adder bites you.
You die...

.#.# ..# #.## #[.# #..#
#..#### #.....#
##########'#S..#
#...........@.)#
#..............#
#..............# #
#..........)...# #.########.
############...####.#........
###......#.#######
#......#.##### #......#.....#
#......#..##.###


You could see an adder.

Vanquished Creatures
  An adder (D:1)
  A worm (D:2)
  3 dart slugs
  A leopard gecko (D:1)
  4 bats
  2 giant cockroaches
  5 goblins
  2 hobgoblins
  2 jackals (D:1)
  4 kobolds
  2 frilled lizards
  2 rats
29 creatures vanquished.

Notes
Turn   | Place    | Note
-------+----------+-------------------------------------------
     0 | Abyss:1  | Geeful the Ogre Abyssal Knight began the quest for the Orb.
     0 | Abyss:1  | Reached XP level 1. HP: 24/24 MP: 2/2
    54 | Abyss:1  | Noticed a quasit
    55 | D:1      | Escaped the Abyss
   239 | D:1      | Reached XP level 2. HP: 25/32 MP: 3/3
   360 | D:1      | Reached * piety under Lugonu
   701 | D:1      | Reached XP level 3. HP: 35/40 MP: 4/4
   889 | D:2      | Found a sacrificial altar of Ru.
  1121 | D:2      | HP: 2/40 [adder (2)]
  1121 | D:2      | Slain by an adder

Vault maps used:
D:1:      roderic_lyre
D:2:      serial_bayou_pond_d, hangedman_ru_absence

Skill      XL: |  1  2 |
---------------+-------+-----
Maces & Flails | 2 |  2.3
Fighting       | |  4.6
Dodging        | |  2.6
Invocations    | |  2.7

Action                   || total
-------------------------++-------
Melee: Mace              ||    93
Invok: Depart the Abyss  ||     1
  Eat: Chunk             ||     1
Armor: Robe              ||    36
Dodge: Dodged            ||    60

Table legend:
 A = Non-vault XP
 B = Vault XP
 C = Vault XP percentage of total XP
 D = Non-vault monster count
 E = Vault monster count
 F = Vault count percentage of total count
                 A         B        C        D         E       F
            +---------+---------+-------+---------+---------+-------
      Total |      73 |       0 |   0.0 |      29 |       0 |   0.0
            +---------+---------+-------+---------+---------+-------
        D:1 |      48 |       0 |   0.0 |      17 |       0 |   0.0
        D:2 |      25 |       0 |   0.0 |      12 |       0 |   0.0
            +---------+---------+-------+---------+---------+-------
